 Dungeon Crawl Stone Soup version 0.20.1-1-g8b1a95d (webtiles) character file.

4097 Vno the Basher (level 10, -3/80 (81) HPs)
             Began as a Minotaur Berserker on Nov 5, 2017.
             Was an Elder of Trog.
             Slain by a yak (4 damage)
             ... on level 9 of the Dungeon on Nov 6, 2017.
             The game lasted 00:43:59 (8292 turns).

Vno the Basher (Minotaur Berserker)                 Turns: 8292, Time: 00:43:59

HP:   -3/80 (81)    AC: 14    Str: 24    XL:     10   Next: 5%
MP:   0/9           EV:  9    Int:  6    God:    Trog [****..]
Gold: 557           SH:  0    Dex: 11    Spells: 9/9 levels left

rFire    . . .     SeeInvis .   w - +1 mace (crush)
rCold    . . .     Gourm    .   (no shield)
rNeg     . . .     Faith    .   b - +1 chain mail
rPois    .         Spirit   +   (helmet restricted)
rElec    .         Reflect  .   (no cloak)
rCorr    .         Harm     .   A - +0 pair of gloves
MR       .....                  (no boots)
Stlth    ..........             y - amulet of guardian spirit
Regen    0.3/turn               d - +2 ring of intelligence
MPRegen  0.2/turn               (no ring)

@: starving
A: retaliatory headbutt, horns 2, frail 1, sense surroundings 1
a: Berserk, Trog's Hand, Brothers in Arms, Burn Spellbooks, Renounce Religion


You were on level 9 of the Dungeon.
You worshipped Trog.
Trog was greatly pleased with you.
You were starving.

You visited 2 branches of the dungeon, and saw 10 of its levels.

You collected 557 gold pieces.

Inventory:

Hand Weapons
 a - a +0 hand axe
 j - a +0 short sword of electrocution
 w - a +1 mace of crushing (weapon)
Missiles
 f - 3 silver javelins
 h - 7 javelins (quivered)
 i - 36 arrows
 l - 12 tomahawks
 v - 3 poisoned javelins
Armour
 b - a +1 chain mail (worn)
 A - a +0 pair of gloves (worn)
Jewellery
 d - a +2 ring of intelligence (left hand)
 y - an amulet of guardian spirit (around neck)
 G - a +3 ring of strength {unknown}
Wands
 k - a wand of flame (16/48)
 q - a wand of clouds (2/9)
 r - a wand of flame (22/48)
 t - a wand of enslavement (6/24)
 F - a wand of lightning (8/15)
 I - a wand of random effects (24/48)
 J - a wand of iceblast (8/15)
 L - a wand of iceblast (4/15)
Scrolls
 g - 6 scrolls of identify
 o - a scroll of fear
 s - a scroll of teleportation
Potions
 e - 2 potions of agility
 m - a potion of haste
Comestibles
 c - 4 bread rations
 n - a meat ration
 p - 6 royal jellies


   Skills:
 + Level 8.5 Fighting
 - Level 6.0(9.2) Axes
 + Level 10.8(11.4) Maces & Flails
 + Level 0.2 Throwing
 + Level 9.9 Armour
 - Level 2.5 Dodging
 + Level 1.2 Stealth


You had 9 spell levels left.
You didn't know any spells.

Dungeon Overview and Level Annotations

Branches:
Dungeon (9/15)             Temple (1/1) D:7
   Lair: D:8-11         Orc: D:9-12

Altars:
Ashenzari
Cheibriados
Dithmenos
Elyvilon
Fedhas
Gozag
Hepliaklqana
Kikubaaqudgha
Makhleb
Nemelex Xobeh
Okawaru
Qazlal
Ru
Sif Muna
Trog
Uskayaw
Vehumet
Xom
Yredelemnul
Zin
The Shining One

Shops:
D:6 }


Innate Abilities, Weirdness & Mutations

You reflexively headbutt those who attack you in melee.
You have a pair of horns on your head.
You are frail. (-10% HP)
You passively map a small area around you.


Message History

* * * LOW HITPOINT WARNING * * *
You closely miss the sky beast.
The sky beast is moderately wounded.
The yak misses you.
The sky beast hits you but does no damage.
The yak closely misses you. The yak gores you but does no damage.
The yak gores you!
* * * LOW HITPOINT WARNING * * *
You hit the yak.
The yak is moderately wounded.
The yak gores you.
* * * LOW HITPOINT WARNING * * *
The sky beast hits you but does no damage.
The yak gores you but does no damage.
You hit the yak but do no damage. You headbutt the yak, but do no damage.
The yak is moderately wounded.
The yak gores you.
* * * LOW HITPOINT WARNING * * *
The yak gores you.
You die...

* * , * ###
.... , ,, .....
*..... ,
.#########.....
,
(......YY......
,
#......)@Y...#*
#.......YY...#
#............#
, ............#
*............#
***
####......#.#
,, #......#.#*,
#......# #
##......# , , ,


You could see 4 yaks and a sky beast.

Vanquished Creatures
  A two-headed ogre (D:8)
  A hippogriff (D:8)
  2 yaks (D:9)
  A hungry ghost (D:7)
  Menkaure (D:7)
  Duvessa (D:6)
  An ice beast (D:7)
  2 orc warriors
  A sky beast (D:7)
  2 necrophages
  A phantom (D:6)
  2 ogres (D:6)
  A centaur (D:9)
  3 bullfrogs
  Dowan (D:6)
  7 scorpions
  3 howler monkeys
  A crimson imp (D:6)
  2 centaur zombies (D:6)
  5 orc priests
  3 hounds
  3 jellies
  The ghost of urutzu the Sneak, a weakling SpEn (D:3)
  A bullfrog skeleton (D:4)
  2 iguanas
  5 orc wizards
  Ijyb (D:4)
  4 worker ants
  A hound zombie (D:9)
  2 hound skeletons
  A howler monkey skeleton (D:5)
  Robin (D:4)
  7 adders
  A shadow imp (D:5)
  2 oozes
  An adder skeleton (D:4)
  2 worms (D:3)
  4 dart slugs
  3 leopard geckos
  18 orcs
  6 giant cockroaches
  12 goblins
  10 hobgoblins
  5 jackals
  6 quokkas
  A ball python (D:4)
  4 bats
  4 frilled lizards
  6 kobolds
  A quokka skeleton (D:6)
  A quokka zombie (D:8)
  10 rats
  A bush (Temple)
169 creatures vanquished.

Notes
Turn   | Place    | Note
-------+----------+-------------------------------------------
     0 | D:1      | Vno the Minotaur Berserker began the quest for the Orb.
     0 | D:1      | Reached XP level 1. HP: 19/19 MP: 0/0
   158 | D:1      | Reached XP level 2. HP: 24/27 MP: 1/1
   720 | D:2      | Reached XP level 3. HP: 33/33 MP: 2/2
   891 | D:2      | Reached ** piety under Trog
   986 | D:2      | Found a hide-covered altar of Uskayaw.
  1500 | D:3      | Reached XP level 4. HP: 27/40 MP: 3/3
  1759 | D:3      | Reached skill level 5 in Axes
  1854 | D:3      | Noticed urutzu's ghost (weakling SpEn)
  1864 | D:3      | Killed urutzu's ghost
  2045 | D:3      | Found an opulent altar of Gozag.
  2350 | D:4      | Reached XP level 5. HP: 45/47 MP: 4/4
  2467 | D:4      | Noticed Robin
  2473 | D:4      | Killed Robin
  2716 | D:4      | Noticed Ijyb
  2727 | D:4      | Killed Ijyb
  2727 | D:4      | Reached skill level 1 in Maces & Flails
  2727 | D:4      | Reached XP level 6. HP: 53/53 MP: 5/5
  2903 | D:4      | Found a sparkling altar of Nemelex Xobeh.
  3248 | D:5      | Entered Level 5 of the Dungeon
  3341 | D:5      | Reached *** piety under Trog
  3402 | D:5      | Reached skill level 2 in Maces & Flails
  3402 | D:5      | Reached skill level 5 in Armour
  3534 | D:5      | Reached skill level 1 in Stealth
  3575 | D:5      | Reached skill level 5 in Fighting
  3584 | D:5      | Reached skill level 3 in Maces & Flails
  3584 | D:5      | Reached XP level 7. HP: 48/61 MP: 6/6
  4195 | D:6      | Reached skill level 4 in Maces & Flails
  4288 | D:6      | Reached skill level 5 in Maces & Flails
  4580 | D:6      | Noticed Duvessa
  4580 | D:6      | Noticed Dowan
  4593 | D:6      | Killed Duvessa
  4593 | D:6      | Reached skill level 6 in Maces & Flails
  4593 | D:6      | Reached XP level 8. HP: 46/70 MP: 3/7
  4609 | D:6      | Killed Dowan
  5174 | D:6      | Reached **** piety under Trog
  5175 | D:6      | Found Jeir's Gadget Shoppe.
  5224 | D:6      | Reached skill level 7 in Maces & Flails
  5751 | D:6      | Found a blossoming altar of Fedhas.
  5752 | D:6      | Found an ancient bone altar of Kikubaaqudgha.
  5760 | D:6      | Found a hazy altar of Hepliaklqana.
  5760 | D:6      | Found a sacrificial altar of Ru.
  5760 | D:6      | Found a shadowy altar of Dithmenos.
  5760 | D:6      | Found a white marble altar of Elyvilon.
  5763 | D:6      | Found a glowing golden altar of the Shining One.
  5764 | D:6      | Found a snail-covered altar of Cheibriados.
  5770 | D:6      | Found a bloodstained altar of Trog.
  5937 | D:7      | Reached skill level 8 in Maces & Flails
  6105 | D:7      | Found a staircase to the Ecumenical Temple.
  6111 | Temple   | Entered the Ecumenical Temple
  6427 | Temple   | Gained mutation: You are frail. (-10% HP) [potion of mutation]
  6427 | Temple   | Gained mutation: You passively map a small area around you. [potion of mutation]
  6515 | D:7      | Received a gift from Trog
  6555 | D:7      | Noticed Menkaure
  6567 | D:7      | Killed Menkaure
  6567 | D:7      | Reached XP level 9. HP: 54/71 MP: 6/8
  7063 | D:7      | Found a stormy altar of Qazlal.
  7131 | D:8      | Reached skill level 9 in Maces & Flails
  8032 | D:8      | Noticed a two-headed ogre
  8041 | D:8      | Killed a two-headed ogre
  8041 | D:8      | Reached skill level 10 in Maces & Flails
  8279 | D:9      | Reached XP level 10. HP: 75/80 MP: 9/9
  8291 | D:9      | HP: 2/80 [yak (4)]
  8292 | D:9      | Slain by a yak

Skill      XL: |  1  2  3  4  5  6  7  8  9 |
---------------+----------------------------+-----
Fighting       | 4 5 7 8 |  8.5
Axes           | 4 5 6 |  6.0
Armour         | 3 4 5 6 7 9 |  9.9
Maces & Flails | 1 3 6 8 10 | 10.8
Stealth        | 1 |  1.2
Throwing       | |  0.2
Dodging        | |  2.5

Action                   |  1- 3 |  4- 6 |  7- 9 | 10-12 || total
-------------------------+-------+-------+-------+-------++-------
Melee: Hand axe          |    87 |    48 |       |       ||   135
       Headbutt          |    20 |    22 |    64 |     5 ||   111
       Mace              |       |    61 |   309 |    13 ||   383
Throw: Javelin           |       |       |     1 |       ||     1
Invok: Berserk           |     2 |     4 |     5 |       ||    11
       Burn Spellbooks   |       |       |     4 |       ||     4
  Use: Scroll            |     1 |       |    11 |       ||    12
       Potion            |     1 |       |    10 |       ||    11
 Stab: Sleeping          |     1 |       |       |       ||     1
  Eat: Chunk             |     4 |     9 |    19 |       ||    32
       Royal jelly       |       |       |     1 |       ||     1
Armor: Animal skin       |     4 |       |       |       ||     4
       Scale mail        |    15 |       |       |       ||    15
       Chain mail        |    10 |    56 |   123 |    17 ||   206
Dodge: Dodged            |    47 |    40 |   110 |    14 ||   211
